 Dungeon Sprint DCSS version 0.24.0-13-gcf9b319 (webtiles) character file.

Game seed: 9780576716010622159, levelgen mode: deterministic

96487 Fang the Slayer (level 16, -2/124 HPs)
             Began as a Gargoyle Berserker on Dec 10, 2019.
             Was the Champion of Trog.
             Killed from afar by an efreet (18 damage)
             ... with a bolt of fire
             ... in the Dungeon (Sprint V: "Ziggurat Sprint") on Jan 8, 2020.
             The game lasted 00:07:46 (1708 turns).

Fang the Slayer (Gargoyle Berserker)                Turns: 1708, Time: 00:07:47

Health: -2/124     AC: 55    Str: 25    XL:     16   Next: 17%
Magic:  7/7        EV: 13    Int: 22    God:    Trog [******]
Gold:   0          SH: 33    Dex: 11    Spells: 15/15 levels left

rFire    . . .     SeeInvis .   a - +8 broad axe (flame)
rCold    . . .     Gourm    .   E - +18 shield of the Gong {rElec rN+ MR+ EV-5}
rNeg     + + +     Faith    .   b - +15 Maxwell's patent armour {-Cast -Tele rElec MR+ rCorr}
rPois    ∞         Spirit   .   o - +0 helmet {Int+3}
rElec    +         Reflect  +   (no cloak)
rCorr    +         Harm     .   B - +4 pair of gloves of Omission {rElec rN+ Regen+}
MR       +++++     NoTele   +   (no boots) Stlth ..........NoCast +
                                g - amulet "Aliesithi" {Reflect rPois MP-9 Int+8 SH+6}
HPRegen  1.70/turn              K - +3 ring of slaying
MPRegen  0.10/turn              I - ring "Idghah" {EV+5 Dex+4}

@: berserk cooldown, regenerating, slowed, very slow
A: big wings, clever 1, clumsy 1, deterioration 1, negative energy resistance 1,
electricity resistance, weak 1, unbreathing, petrification resistance, rot
immunity, AC +12
a: Fly, Berserk, Trog's Hand, Brothers in Arms, Renounce Religion


You were in the Dungeon.
You worshipped Trog.
Trog was exalted by your worship.
You were very hungry.

You visited 1 branch

Inventory:

Hand Weapons
 a - a +8 broad axe of flaming (weapon)
 A - a +7 broad axe of chopping
Armour
 b - the +15 Maxwell's patent armour (worn) {-Cast -Tele rElec MR+ rCorr}
   (You found it in the Dungeon)

   It insulates you from electricity.
   It affects your resistance to hostile enchantments.
   It prevents spellcasting.
   It prevents most forms of teleportation.
   It provides partial protection from all sources of acid and corrosion.
 o - a +0 helmet of intelligence (worn)
 B - the +4 pair of gloves of Omission (worn) {rElec rN+ Regen+}
   (You found it in the Dungeon)

   It insulates you from electricity.
   It protects you from negative energy.
   It increases your rate of regeneration.
 E - the +18 shield of the Gong (worn) {rElec rN+ MR+ EV-5}
   (You found it in the Dungeon)

   It affects your evasion (-5).
   It insulates you from electricity.
   It protects you from negative energy.
   It affects your resistance to hostile enchantments.
Jewellery
 g - the amulet "Aliesithi" (around neck) {Reflect rPois MP-9 Int+8 SH+6}
   (You found it in the Dungeon)

   [amulet of reflection]

   It shields you and reflects attacks.
   It affects your intelligence (+8).
   It protects you from poison.
   It affects your magic capacity (-9).
   It affects your SH (+6).
 r - an uncursed amulet of guardian spirit
 y - an uncursed ring of protection from cold
 z - the amulet of Charity {Harm *Drain rElec Str-2 Dex+5 Stlth+}
   (You found it in the Dungeon)

   [amulet of harm]

   It increases damage dealt and taken.
   It affects your strength (-2).
   It affects your dexterity (+5).
   It insulates you from electricity.
   It causes draining when unequipped.
   It makes you more stealthy.
 G - an uncursed ring of protection from cold
 H - an uncursed ring of see invisible
 I - the ring "Idghah" (right hand) {EV+5 Dex+4}
   (You found it in the Dungeon)

   [ring of evasion]

   It affects your evasion (+5).
   It affects your dexterity (+4).
 K - a +3 ring of slaying (left hand)
Wands
 u - a wand of disintegration (7)
 v - a wand of iceblast (7)
 w - a wand of acid (7)
Scrolls
 i - 4 scrolls of blinking
 j - 7 scrolls of fog
 k - 2 scrolls of holy word
 l - 5 scrolls of identify
 m - 5 scrolls of remove curse
 n - 2 scrolls of fear
Potions
 d - 10 potions of curing
 e - 12 potions of heal wounds
 f - 6 potions of haste
 h - 3 potions of berserk rage
 p - 2 potions of invisibility
 q - 4 potions of resistance
 s - 6 potions of agility
 t - 5 potions of might
Comestibles
 c - 6 rations
 x - 30 chunks of flesh


   Skills:
 + Level 22.4 Fighting
 + Level 19.5 Axes
 + Level 22.3 Armour
 + Level 18.0 Dodging
 - Level 1.8 Shields


You had 15 spell levels left.
You didn't know any spells.
Your spell library was empty.

Dungeon Overview and Level Annotations

Branches:
Dungeon (1/1)

Altars:
Ashenzari
Cheibriados
Dithmenos
Elyvilon
Fedhas
Gozag
Hepliaklqana
Kikubaaqudgha
Makhleb
Nemelex Xobeh
Okawaru
Qazlal
Ru
Sif Muna
Trog
Uskayaw
Vehumet
Wu Jian
Xom
Yredelemnul
Zin
The Shining One
Beogh
Jiyva
Lugonu


Innate Abilities, Weirdness & Mutations

You are resistant to torment.
Your stone body is resilient. (AC +12)
You are immune to poison.
Your large and strong wings let you fly indefinitely.
You resist negative energy. (rN+)
You are resistant to electric shocks. (rElec)
You can survive without breathing.
You are immune to petrification.
You are immune to rotting.
Your mind is acute. (Int +2)
You are clumsy. (Dex -2)
Your body sometimes deteriorates upon taking damage.
You are weak. (Str -2)


Message History

The fireball engulfs the efreet.
The efreet completely resists.
The fireball engulfs the efreet.
The efreet completely resists.
You slice the efreet!!
The efreet is heavily wounded.
You slash the efreet!
You kill the efreet!
Trog accepts your kill.
You slash the efreet! You block the efreet's attack.
SHROANNG!
You block the efreet's attack.
GONNNNG!
You block the efreet's attack.
BOUMMMMG!
You are too injured to fight recklessly!
You slash the efreet!
The efreet is severely wounded.
You slash the efreet! The efreet gestures at you. The bolt of fire hits you!!
You die...

...=).._▓ ▓..:):|}
.......8▓▓..|)}|)|})|)|..▓...):).
......._▓▓...............▓.......
.......8▓▓...............▓.......
...}..._▓▓...............▓......)
.......8▓▓...............▓.....))
?..|..._▓▓...............▓.....))
.......8▓▓......)R†v.....▓..▓..).
......._▓▓......@))......▓.▓▓▓.(.
.......8▓▓...▓..R)...▓...▓..▓....
......._▓▓. ▓▓..†..▓▓ .▓..)....
_8_8_8_8▓ ...▓.......▓...▓.(.(..©
▓▓▓▓▓▓▓▓▓ ...............▓▓▓▓▓▓▓▓
.......©.......▓.≈..≈8©
▓▓▓▓▓▓▓▓▓▓▓▓▓▓▓▓..)|≈=" ▓≈.}|)[)
▓..≈...≈


You could see 2 efreet and a fire vortex.

Vanquished Creatures
  An ancient lich (D)
  A lich (D)
  2 deep elf blademasters (D)
  A shadow dragon (D)
  A tentacled starspawn (D)
  A fire giant (D)
  A draconian scorcher (D)
  2 ghouls (D)
  2 draconian shifters (D)
  A draconian annihilator (D)
  A very ugly thing (D)
  A vampire knight (D)
  4 green draconians (D)
  A deep elf annihilator (D)
  A black draconian (D)
  A yellow draconian (D)
  2 purple draconians (D)
  3 red draconians (D)
  A merfolk javelineer (D)
  2 merfolk impalers (D)
  A deep elf high priest (D)
  A great orb of eyes (shapeshifter) (D)
  2 fire dragons (D)
  3 merfolk aquamancers (D)
  2 dancing weapons (D)
  A two-headed ogre (shapeshifter) (D)
  2 hell hogs (D)
  A shock serpent (shapeshifter) (D)
  A deep elf knight (D)
  4 soul eaters (D)
  A fire crab (shapeshifter) (D)
  2 skeletal warriors (D)
  2 deep trolls (shapeshifter) (D)
  A sea snake (D)
  A deep elf archer (D)
  3 shining eyes (D)
  A harpy (D)
  2 ugly things (D)
  2 deep elf magi (D)
  3 cyclopes (D)
  A faun (shapeshifter) (D)
  A moth of wrath (shapeshifter) (D)
  An eye of devastation (D)
  A torpor snail (shapeshifter) (D)
  A spiny frog (shapeshifter) (D)
  A komodo dragon (shapeshifter) (D)
  5 efreet (D)
  A rime drake (shapeshifter) (D)
  An ancient zyme (D)
  2 jumping spiders (D)
  A tyrant leech (shapeshifter) (D)
  A jumping spider (shapeshifter) (D)
  4 merfolk (D)
  A wind drake (D)
  4 slime creatures (D)
  A raiju (shapeshifter) (D)
  A wind drake (shapeshifter) (D)
  2 hippogriffs (D)
  A snapping turtle (D)
  A hippogriff (shapeshifter) (D)
  A blink frog (shapeshifter) (D)
  3 air elementals (D)
  2 spriggans (D)
  2 redbacks (shapeshifter) (D)
  3 water elementals (D)
  A shadow (D)
  A golden eye (D)
  6 fire elementals (D)
  2 yaks (shapeshifter) (D)
  3 neqoxecs (D)
  A swamp worm (shapeshifter) (D)
  4 hell hounds (D)
  2 floating eyes (shapeshifter) (D)
  A floating eye (D)
  2 black bears (D)
  2 eyes of draining (D)
  An eye of draining (shapeshifter) (D)
  A necrophage (D)
  4 wolves (D)
  2 centaurs (D)
  An earth elemental (D)
  2 scorpions (D)
  A wight (D)
  2 jellies (D)
  An iron imp (D)
  4 adders (D)
  A shadow imp (D)
  2 oozes (D)
  A spectral adder (D)
  2 adder skeletons (D)
  A ball python (D)
  2 bat skeletons (D)
  2 bat zombies (D)
  A ball python skeleton (D)
  2 ball python zombies (D)
  A quokka skeleton (D)
  A quokka zombie (D)
  2 starspawn tentacles (D)
171 creatures vanquished.

Vanquished Creatures (collateral kills)
  2 green draconians (D)
  3 red draconians (D)
  A yellow draconian (D)
6 creatures vanquished.

Vanquished Creatures (others)
  An acid blob (D)
  4 azure jellies (D)
  A fire giant (D)
  Josephine (D)
  Nergalle (D)
  2 deep elf archers (D)
  A manticore (D)
  A wind drake (D)
  Grum (D)
  3 insubstantial wisps (D)
  Blork the orc (D)
  Jessica (D)
  2 starspawn tentacles (D)
20 creatures vanquished.

Grand Total: 197 creatures vanquished

Notes
Turn   | Place    | Note
-------+----------+-------------------------------------------
     0 | D        | Fang the Gargoyle Berserker began the quest for the Orb.
     0 | D        | Reached XP level 1. HP: 14/14 MP: 1/1
     2 | D        | Found a blossoming altar of Fedhas.
     3 | D        | Found the +6 Majin-Bo {vamp, Archmagi MP+6 Int+6}
     3 | D        | Found the +7 great mace "Firestarter" {inner flame, rF++}
     3 | D        | Found a viscous altar of Jiyva.
     3 | D        | Found a hazy altar of Hepliaklqana.
     3 | D        | Found a transporter.
     3 | D        | Found an opulent altar of Gozag.
     3 | D        | Found an ancient bone altar of Kikubaaqudgha.
     3 | D        | Found a corrupted altar of Lugonu.
    18 | D        | Found a burning altar of Makhleb.
    20 | D        | Found a stormy altar of Qazlal.
    20 | D        | Found an iron altar of Okawaru.
    20 | D        | Found a sacrificial altar of Ru.
    20 | D        | Found a sparkling altar of Nemelex Xobeh.
    20 | D        | Found a shimmering blue altar of Sif Muna.
    20 | D        | Found a bloodstained altar of Trog.
    27 | D        | Found the +9 heavy crossbow "Sniper" {velocity, Acc+∞ SInv}
    27 | D        | Found the +10 dark maul {crush}
    27 | D        | Found the +15 Maxwell's patent armour {-Cast -Tele rElec
                  | MR+ rCorr}
    27 | D        | Found the +18 shield of the Gong {rElec rN+ MR+ EV-5}
    27 | D        | Found the cursed +14 obsidian axe {chop, +Fly SInv *Curse}
    81 | D        | Entered arena 2.
    81 | D        | Noticed a spriggan
    81 | D        | Noticed a wolf
    81 | D        | Found a transporter.
    92 | D        | Killed a wolf
    92 | D        | Reached skill level 5 in Fighting
    92 | D        | Reached XP level 2. HP: 21/21 MP: 2/2
    92 | D        | Reached XP level 3. HP: 26/26 MP: 3/3
    92 | D        | Reached XP level 4. HP: 31/31 MP: 4/4
   106 | D        | Killed a spriggan
   106 | D        | Reached skill level 5 in Dodging
   106 | D        | Reached XP level 5. HP: 28/38 MP: 5/5
   106 | D        | Reached XP level 6. HP: 33/44 MP: 6/6
   184 | D        | Entered arena 3.
   184 | D        | Noticed an ancient zyme
   184 | D        | Noticed a tentacled starspawn
   184 | D        | Found a transporter.
   188 | D        | Reached ** piety under Trog
   193 | D        | Killed an ancient zyme
   193 | D        | Reached XP level 7. HP: 50/50 MP: 7/7
   194 | D        | Killed a tentacled starspawn
   194 | D        | Reached XP level 8. HP: 60/60 MP: 8/8
   194 | D        | Reached XP level 9. HP: 64/64 MP: 9/9
   290 | D        | Entered arena 4.
   290 | D        | Noticed a jumping spider
   290 | D        | Noticed a jumping spider
   290 | D        | Found a transporter.
   294 | D        | Killed a jumping spider
   294 | D        | Reached skill level 10 in Axes
   295 | D        | Reached *** piety under Trog
   297 | D        | Killed a jumping spider
   324 | D        | Entered arena 5.
   324 | D        | Found a transporter.
   327 | D        | Reached **** piety under Trog
   436 | D        | Entered arena 6.
   436 | D        | Found a transporter.
   439 | D        | Reached ***** piety under Trog
   451 | D        | Entered arena 7.
   459 | D        | Received a gift from Trog
   463 | D        | Reached XP level 10. HP: 72/72 MP: 10/10
   464 | D        | Found a transporter.
   487 | D        | Entered arena 8.
   488 | D        | Found a transporter.
   496 | D        | Reached skill level 10 in Dodging
   497 | D        | Received a gift from Trog
   517 | D        | Got the amulet of Charity {Harm *Drain rElec Str-2 Dex+5
                  | Stlth+}
   575 | D        | Entered arena 9.
   575 | D        | Noticed a cyclops
   575 | D        | Noticed a cyclops
   576 | D        | Found a transporter.
   588 | D        | Killed a cyclops
   590 | D        | Killed a cyclops
   590 | D        | Received a gift from Trog
   590 | D        | Reached ****** piety under Trog
   632 | D        | Got the amulet "Aliesithi" {Reflect rPois MP-9 Int+8 SH+6}
   634 | D        | Got the +4 pair of gloves of Omission {rElec rN+ Regen+}
   655 | D        | Entered arena 10.
   656 | D        | Found a transporter.
   717 | D        | Entered arena 11.
   717 | D        | Noticed an eye of devastation
   718 | D        | Found a transporter.
   727 | D        | Reached XP level 11. HP: 63/80 MP: 2/11
   729 | D        | Received a gift from Trog
   749 | D        | Killed Josephine
   829 | D        | Entered arena 12.
   829 | D        | Noticed a purple draconian
   829 | D        | Noticed a green draconian
   829 | D        | Noticed a green draconian
   829 | D        | Noticed a black draconian scorcher
   829 | D        | Noticed a green draconian
   829 | D        | Noticed a black draconian shifter
   829 | D        | Noticed a yellow draconian
   830 | D        | Identified the +4 hand axe "Deloir" {elec, rElec rC- Dex+3}
   830 | D        | Identified the +5 halberd "Lairhio" {venom, Dex+7}
   830 | D        | Noticed a red draconian
   830 | D        | Noticed a red draconian
   830 | D        | Noticed a red draconian
   832 | D        | Found a transporter.
   840 | D        | Killed a purple draconian
   845 | D        | Killed a yellow draconian
   848 | D        | Killed a black draconian scorcher
   848 | D        | Reached skill level 15 in Fighting
   848 | D        | Reached skill level 15 in Armour
   848 | D        | Killed a red draconian
   848 | D        | Killed a red draconian
   848 | D        | Received a gift from Trog
   850 | D        | Killed a green draconian
   850 | D        | Killed a green draconian
   850 | D        | Reached XP level 12. HP: 48/88 MP: 3/12
   850 | D        | Killed a red draconian
   852 | D        | Killed a black draconian shifter
   852 | D        | Killed a green draconian
   936 | D        | Entered arena 13.
   936 | D        | Noticed a white draconian shifter
   936 | D        | Noticed a black draconian
   936 | D        | Noticed a green draconian
   936 | D        | Noticed a green draconian
   936 | D        | Noticed a green draconian
   936 | D        | Noticed a red draconian
   936 | D        | Noticed a yellow draconian
   936 | D        | Noticed a red draconian
   936 | D        | Noticed a purple draconian
   936 | D        | Noticed a yellow draconian annihilator
   936 | D        | Noticed a red draconian
   938 | D        | Found a transporter.
   946 | D        | Killed a purple draconian
   948 | D        | Killed a yellow draconian
   951 | D        | Killed a black draconian
   952 | D        | Killed a green draconian
   952 | D        | Received a gift from Trog
   952 | D        | Killed a red draconian
   955 | D        | Killed a white draconian shifter
   955 | D        | Reached skill level 15 in Axes
   959 | D        | Killed a yellow draconian annihilator
   966 | D        | Killed a green draconian
   966 | D        | Reached XP level 13. HP: 31/97 MP: 4/13
   967 | D        | Killed a red draconian
   967 | D        | Received a gift from Trog
   971 | D        | Killed a red draconian
   972 | D        | Killed a green draconian
   990 | D        | Killed an azure jelly
   997 | D        | Killed an azure jelly
  1052 | D        | Got the ring "Idghah" {EV+5 Dex+4}
  1071 | D        | Entered arena 14.
  1073 | D        | Noticed a ghoul
  1073 | D        | Noticed a shadow dragon
  1074 | D        | Found a transporter.
  1084 | D        | Received a gift from Trog
  1092 | D        | Killed Nergalle
  1096 | D        | Killed a ghoul
  1099 | D        | Killed a shadow dragon
  1150 | D        | Entered arena 15.
  1150 | D        | Noticed a vampire knight
  1151 | D        | Noticed an ancient lich
  1151 | D        | Noticed a ghoul
  1151 | D        | Noticed a lich
  1152 | D        | Noticed a Hell Sentinel
  1153 | D        | Identified the cursed +0 ring mail of Bicaemu {rN+ Dex+4
                  | SInv Stlth-}
  1157 | D        | Noticed an Executioner
  1160 | D        | Killed a vampire knight
  1160 | D        | Received a gift from Trog
  1172 | D        | Reached skill level 15 in Dodging
  1175 | D        | Killed a lich
  1181 | D        | Killed a ghoul
  1186 | D        | Killed an ancient lich
  1186 | D        | Received a gift from Trog
  1186 | D        | Gained mutation: Your large and strong wings let you fly
                  | indefinitely. [Gargoyle growth]
  1186 | D        | Reached XP level 14. HP: 27/107 MP: 5/14
  1191 | D        | Killed an acid blob
  1262 | D        | Found a transporter.
  1276 | D        | Reached skill level 1 in Shields
  1276 | D        | Reached XP level 15. HP: 101/112 MP: 6/15
  1294 | D        | Entered arena 16.
  1297 | D        | Found a transporter.
  1303 | D        | Received a gift from Trog
  1319 | D        | Received a gift from Trog
  1396 | D        | Entered arena 17.
  1400 | D        | Found the ring of the Mage {Wiz MR++ Int+3}
  1400 | D        | Noticed a deep elf blademaster
  1400 | D        | Noticed a deep elf blademaster
  1400 | D        | Identified the +1 leather armour "Wausmol" {Stlth+}
  1401 | D        | Found a transporter.
  1413 | D        | Received a gift from Trog
  1416 | D        | Killed a deep elf blademaster
  1416 | D        | Killed a deep elf blademaster
  1418 | D        | Received a gift from Trog
  1419 | D        | Received a gift from Trog
  1451 | D        | Killed Jessica
  1464 | D        | Killed an azure jelly
  1475 | D        | Got the ring "Binkiso" {rPois rC+ MP+9 Int+2}
  1495 | D        | Entered arena 18.
  1500 | D        | Found a transporter.
  1501 | D        | Found the amulet of the Air {Inacc +Fly rElec EV+5 RMsl}
  1505 | D        | Received a gift from Trog
  1509 | D        | Received a gift from Trog
  1607 | D        | Killed Blork the orc
  1608 | D        | Entered arena 19.
  1611 | D        | Gained mutation: You are clumsy. (Dex -2) [a shining eye]
  1613 | D        | Found a transporter.
  1617 | D        | Received a gift from Trog
  1622 | D        | Gained mutation: Your mind is acute. (Int +2) [a shining
                  | eye]
  1623 | D        | Received a gift from Trog
  1628 | D        | Gained mutation: Your body sometimes deteriorates upon
                  | taking damage. [a shining eye]
  1630 | D        | Received a gift from Trog
  1631 | D        | Gained mutation: You are weak. (Str -2) [a shining eye]
  1633 | D        | Killed an azure jelly
  1668 | D        | Killed Grum
  1677 | D        | Entered arena 20.
  1681 | D        | Noticed a fire giant
  1682 | D        | Noticed a fire giant
  1690 | D        | Reached XP level 16. HP: 63/123 MP: 7/16
  1692 | D        | Received a gift from Trog
  1699 | D        | Received a gift from Trog
  1706 | D        | Received a gift from Trog
  1708 | D        | Killed from afar by an efreet

Levels and vault maps discovered:
D:        sprint_v [room_start, room_1, room_2, room_3, room_4, room_5, room_6,
          room_7, room_8, room_9, room_10, room_11, room_12, room_13, room_14,
          room_15, room_16, room_17, room_18, room_19, room_20, room_21,
          room_22, room_23, room_24, room_25, room_26, room_27]

Skill      XL: |  1  2  3  4  5  6  7  8  9 10 11 12 13 14 15 16 |
---------------+-------------------------------------------------+-----
Fighting       | 5 7 8 11 12 14 15 17 19 22 | 22.4
Axes           | 4 6 7 9 10 12 13 15 17 19 | 19.5
Armour         | 4 6 8 11 12 13 15 17 19 21 22 | 22.3
Dodging        | 3 5 6 8 9 11 12 14 15 17 18 | 18.0
Shields        | 1 |  1.8

Action                   |  1- 3 |  4- 6 |  7- 9 | 10-12 | 13-15 | 16-18 || total
-------------------------+-------+-------+-------+-------+-------+-------++-------
Melee: Broad axe         |    10 |    21 |    27 |    80 |   169 |    14 ||   321
Invok: Berserk           |     1 |     1 |     1 |     5 |     7 |       ||    15
       Trog's Hand       |       |       |       |     2 |     1 |       ||     3
       Brothers in Arms  |       |       |       |     1 |     1 |       ||     2
  Use: Scroll            |       |       |     1 |       |     7 |       ||     8
       Potion            |       |       |       |     1 |     1 |     1 ||     3
 Stab: Distracted        |       |       |       |     1 |       |       ||     1
  Eat: Chunk             |       |       |     1 |     7 |     6 |       ||    14
       Ration            |       |       |       |       |     1 |       ||     1
Armor: Plate armour      |     6 |     8 |    21 |   111 |    86 |    24 ||   256
Dodge: Dodged            |       |     3 |     4 |    30 |    52 |     8 ||    97
Block: Shield            |    20 |    32 |    44 |   185 |   300 |    30 ||   611
       Reflection        |       |       |       |     1 |    14 |       ||    15
